 Dungeon Crawl Stone Soup version 0.24.0-13-gcf9b3192b9 (webtiles) character file.

Game seed: 17032851458373560279, levelgen mode: deterministic

230775 sking99 the Brawler (level 18, -12/193 HPs)
             Began as a Troll Monk on Nov 8, 2019.
             Was the Champion of Wu Jian.
             Hit by a silver javelin thrown by a merfolk javelineer (17 damage)
             ... on level 4 of the Shoals.
             The game lasted 01:27:12 (31547 turns).

sking99 the Brawler (Troll Monk)                   Turns: 31547, Time: 01:27:13

Health: -12/193    AC: 16    Str: 35    XL:     18   Next: 77%
Magic:  17/17      EV: 11    Int:  6    God:    Wu Jian [******]
Gold:   2098       SH: 34    Dex: 12    Spells: 17/17 levels left

rFire    . . .     SeeInvis .     - Unarmed
rCold    + + .     Gourm    +   M - +7 large shield of Activism {rElec}
rNeg     . . .     Faith    .   k - +0 ice dragon scales
rPois    +         Spirit   .   X - +0 hat {MR+}
rElec    +         Reflect  +   d - +2 cloak {rPois}
rCorr    .         Harm     .   (gloves unavailable)
MR       ++...                  (boots unavailable)
Stlth    ..........             w - +5 amulet of reflection
HPRegen  0.82/turn              A - +5 ring of strength
MPRegen  0.15/turn              O - ring of protection from fire

@: no status effects
A: large, unfitting armour, claws 3, fast metabolism 3, gourmand, regeneration
1, shaggy fur 1, tough skin 3
}: 1/15 runes: serpentine
a: Wall Jump, Serpent's Lash, Heavenly Storm, Renounce Religion


You were on level 4 of the Shoals.
You worshipped Wu Jian.
Wu Jian was exalted by your worship.
You were very full.

You visited 6 branches of the dungeon, and saw 32 of its levels.
You also visited: Gauntlet and Ice Cave.

You collected 3850 gold pieces.
You spent 1752 gold pieces at shops.

Inventory:

Armour
 d - a +2 cloak of poison resistance (worn)
 k - +0 ice dragon scales (worn)
 M - the +7 large shield of Activism (worn) {rElec}
   (You bought it in a shop on level 11 of the Dungeon)

   It insulates you from electricity.
 X - a +0 hat of magic resistance (worn)
Jewellery
 a - an uncursed ring of protection from fire
 c - an uncursed ring of positive energy
 w - a +5 amulet of reflection (around neck)
 A - a +5 ring of strength (left claw)
 O - a ring of protection from fire (right claw)
 P - an uncursed ring of see invisible
 Q - an uncursed ring of protection from fire
 U - an uncursed amulet of guardian spirit
Wands
 q - a wand of flame (66)
 r - a wand of disintegration (40)
 v - a wand of iceblast (38)
 C - a wand of random effects (52)
 E - a wand of digging (8)
 G - a wand of acid (24)
 I - a wand of clouds (6)
 L - a wand of paralysis (9)
Scrolls
 f - 3 scrolls of vulnerability
 i - 11 scrolls of remove curse
 j - 21 scrolls of teleportation
 l - 2 scrolls of magic mapping
 o - 5 scrolls of amnesia
 p - 4 scrolls of enchant weapon
 x - 2 scrolls of fog
 z - 4 scrolls of blinking
 D - a scroll of silence
 F - 3 scrolls of fear
 H - 10 scrolls of identify
 N - 5 scrolls of immolation
 T - 4 scrolls of enchant armour
Potions
 e - 2 potions of heal wounds
 g - 5 potions of agility
 h - 3 potions of brilliance
 m - 12 potions of curing
 n - 3 potions of ambrosia
 t - 7 potions of mutation
 u - 6 potions of lignification
 B - 2 potions of flight
 J - 2 potions of magic
 K - a potion of haste
 R - 3 potions of cancellation
 S - a potion of invisibility
Miscellaneous
 s - a lightning rod (4/4)
Comestibles
 b - 48 rations


   Skills:
 + Level 15.5 Fighting
 - Level 1.8 Armour
 - Level 6.6 Dodging
 - Level 1.1 Stealth
 - Level 15.0 Shields
 + Level 19.8 Unarmed Combat


You had 17 spell levels left.
You didn't know any spells.
Your spell library contained the following spells:

 Spells                   Type           Power        Failure   Level  Hunger
 Animate Skeleton         Necr           N/A          73%         1    ##.....
 Apportation              Tloc           #.....       73%         1    ##.....
 Beastly Appendage        Tmut           #.....       73%         1    ##.....
 Confusing Touch          Hex            #.....       73%         1    ##.....
 Flame Tongue             Conj/Fire      #....        73%         1    ##.....
 Freeze                   Ice            #...         73%         1    ##.....
 Magic Dart               Conj           #...         73%         1    ##.....
 Pain                     Necr           #...         73%         1    ##.....
 Sandblast                Erth           #.....       73%         1    ##.....
 Shock                    Conj/Air       #...         73%         1    ##.....
 Summon Small Mammal      Summ           #...         73%         1    ##.....
 Corpse Rot               Necr           N/A          86%         2    ###....
 Passwall                 Tmut/Erth      #.......     86%         2    ###....
 Searing Ray              Conj           #.....       86%         2    ###....
 Sublimation of Blood     Necr           #.........   86%         2    ###....
 Swiftness                Chrm/Air       #.......     86%         2    ###....
 Throw Flame              Conj/Fire      #.....       86%         2    ###....
 Throw Frost              Conj/Ice       #.....       86%         2    ###....
 Confuse                  Hex            #.......     97%         3    ####...
 Conjure Flame            Conj/Fire      #.......     97%         3    ####...
 Dazzling Spray           Conj/Hex       #.....       97%         3    ####...
 Gell's Gravitas          Tloc           #.........   97%         3    ####...
 Ignite Poison            Fire/Tmut/Pois #.......     97%         3    ####...
 Inner Flame              Hex/Fire       #.......     97%         3    ####...
 Lesser Beckoning         Tloc           #.........   97%         3    ####...
 Ozocubu's Armour         Chrm/Ice       #.......     97%         3    ####...
 Portal Projectile        Hex/Tloc       #.....       97%         3    ####...
 Recall                   Summ/Tloc      N/A          97%         3    ####...
 Regeneration             Chrm/Necr      #.........   97%         3    ####...
 Static Discharge         Conj/Air       #.......     97%         3    ####...
 Stone Arrow              Conj/Erth      #.....       97%         3    ####...
 Vampiric Draining        Necr           #.........   97%         3    ####...
 Airstrike                Air            #.........   100%        4    #####..
 Animate Dead             Necr           N/A          100%        4    #####..
 Force Lance              Conj/Tloc      #.......     100%        4    #####..
 Fulminant Prism          Conj/Hex       #.........   100%        4    #####..
 Ice Form                 Ice/Tmut       #.......     100%        4    #####..
 Iskenderun's Mystic Bla  Conj           #.......     100%        4    #####..
 Petrify                  Tmut/Erth      #.......     100%        4    #####..
 Sticky Flame             Conj/Fire      #.......     100%        4    #####..
 Summon Ice Beast         Ice/Summ       #.......     100%        4    #####..
 Summon Lightning Spire   Summ/Air       #.......     100%        4    #####..
 Throw Icicle             Conj/Ice       #.......     100%        4    #####..
 Agony                    Necr           #.......     100%        5    ######.
 Alistair's Intoxication  Tmut/Pois      #.......     100%        5    ######.
 Bolt of Draining         Conj/Necr      #.........   100%        5    ######.
 Dispel Undead            Necr           #.......     100%        5    ######.
 Excruciating Wounds      Chrm/Necr      #.........   100%        5    ######.
 Fireball                 Conj/Fire      #.........   100%        5    ######.
 Irradiate                Conj/Tmut      #.........   100%        5    ######.
 Lee's Rapid Deconstruct  Erth           #.........   100%        5    ######.
 Lightning Bolt           Conj/Air       #.........   100%        5    ######.
 Metabolic Englaciation   Hex/Ice        #.........   100%        5    ######.
 Silence                  Hex/Air        #.........   100%        5    ######.
 Yara's Violent Unravell  Hex/Tmut       #.........   100%        5    ######.
 Bolt of Cold             Conj/Ice       #.........   100%        6    #######
 Conjure Ball Lightning   Conj/Air       #.........   100%        6    #######
 Deflect Missiles         Chrm/Air       #.........   100%        6    #######
 Dispersal                Tloc           #.........   100%        6    #######
 Freezing Cloud           Conj/Ice/Air   #.........   100%        6    #######
 Hydra Form               Tmut           #.........   100%        6    #######
 Ozocubu's Refrigeration  Ice            #.........   100%        6    #######
 Simulacrum               Ice/Necr       #.........   100%        6    #######
 Statue Form              Tmut/Erth      #........    100%        6    #######
 Dragon Form              Tmut           #.........   100%        7    #######
 Controlled Blink         Tloc           N/A          100%        8    #######
 Disjunction              Tloc           #.........   100%        8    #######
 Tornado                  Air            #.........   100%        9    #######


Dungeon Overview and Level Annotations

Branches:
Dungeon (15/15)            Temple (1/1) D:7            Lair (6/6) D:8
 Shoals (4/4) Lair:3        Snake (4/4) Lair:3        Slime (0/5) Lair:6
    Orc (2/2) D:10            Elf (0/3) Orc:2        Vaults (0/5) D:14
 Depths (0/5) D:15          IceCv (visited)         Gauntlet (visited)

Altars:
Ashenzari
Cheibriados
Dithmenos
Fedhas
Gozag
Kikubaaqudgha
Makhleb
Nemelex Xobeh
Okawaru
Qazlal
Ru
Trog
Vehumet
Wu Jian
Xom
Zin
The Shining One
Beogh

Shops:
D:7 =   D:11 [   D:12 [   Orc:2 :([(   Shoals:2 !

Portals:
Trove: D:11 (give 15 scrolls of teleportation)

Annotations:
D:6 3 runed translucent doors, PlayerOfArmor's ghost, novice MiAr
D:12 3 runed translucent doors, Luekew's ghost, journeyman MiBe
D:13 2 transporters, Wemm's ghost, journeyman SpEn
Snake:3 1 runed translucent door, Gygal Fez's ghost, adept MiFi


Innate Abilities, Weirdness & Mutations

You are too large for most types of armour.
You have claws for hands.
Your metabolism is lightning-fast.
You like to eat raw meat.
Your natural rate of healing is unusually fast.
You are covered in fur. (AC +1)
You have extremely tough skin. (AC +3)


Message History

* * * LOW HITPOINT WARNING * * *
x2 You see here 2 silver javelins.
You mangle the bush!!
The bush is moderately damaged.
The merfolk javelineer throws a silver javelin.
The silver javelin pierces through you!
* * * LOW HITPOINT WARNING * * *
x2 The merfolk javelineer throws a silver javelin.
The silver javelin pierces through you!!
* * * LOW HITPOINT WARNING * * *
x2 All of the chunks of flesh in your inventory have rotted away.
You see here a silver javelin.
The merfolk javelineer throws a silver javelin.
The silver javelin barely misses you.
There is a stone staircase leading up here.
You see here a silver javelin.
You block the water elemental's attack.
The merfolk javelineer throws a silver javelin.
The silver javelin pierces through you!
You die...

≈(|.≈###.≈≈≈≈≈≈≈######...........
.#.#(≈##≈≈≈≈≈≈≈≈....##...........
..≈...##≈≈≈≈≈≈≈≈≈≈≈≈.............
.≈#...#≈≈≈≈≈≈≈≈≈≈≈≈≈≈............
######≈≈≈≈≈≈≈≈≈≈≈≈≈≈≈...#≈#..#...
##≈#≈≈≈≈≈≈≈≈≈≈≈≈≈≈≈≈≈...#######..
.≈≈≈≈≈≈≈≈≈≈≈≈≈≈≈≈≈≈≈≈≈##...##.##.
..≈≈≈≈≈≈≈≈≈≈≈≈≈≈.≈≈≈≈≈##...≈...##
..≈≈≈....=...≈≈(@..≈≈≈###.#.#.≈#.
.≈............≈E.#.≈≈≈##.≈.:≈≈##≈
≈≈.÷..........≈..#.≈..##≈.#.#≈##≈
##...........≈≈≈≈≈≈≈≈≈≈#...≈.)≈##
###÷.........≈≈≈≈≈≈≈≈≈≈##.≈##≈÷##
#≈)##........≈≈≈≈≈≈≈≈≈≈≈#######.≈
≈≈≈##........≈≈≈≈≈≈≈≈≈≈≈###≈≈≈≈.≈
#≈≈#≈........m≈≈≈≈≈≈≈≈≈≈.≈≈≈≈≈≈≈≈
≈≈≈##.........≈≈≈≈..≈≈≈≈≈≈≈≈≈≈≈≈≈


You could see a merfolk javelineer and a water elemental.

Vanquished Creatures
  An Ice Fiend (IceCv)
  Rupert (D:15)
  Agnes (Snake:3)
  8 nagarajas
  A fire giant (D:11)
  Louise (Shoals:4)
  The ghost of Hazorath the Brawler, a journeyman TrBe of Trog (Orc:1)
  2 orc warlords (Orc:1)
  Nessos (Lair:5)
  Azrael (Snake:2)
  A minotaur (Gauntlet)
  A blizzard demon (Gauntlet)
  8 merfolk javelineers
  An ettin (D:11)
  5 merfolk impalers
  Snorg (Orc:1)
  2 fire dragons (Shoals:2)
  Josephine (Orc:2)
  A deep elf high priest (D:13)
  An ice dragon (Shoals:1)
  A yaktaur captain (D:11)
  8 hydras
  10 naga warriors
  3 centaur warriors
  A catoblepas (D:11)
  4 anacondas
  6 two-headed ogres
  An alligator snapping turtle (Shoals:4)
  5 merfolk aquamancers
  2 dancing weapons (D:14)
  A satyr (Shoals:4)
  3 merfolk avatars
  A death scarab (Gauntlet)
  A deep troll earth mage (D:11)
  Sonja (Orc:2)
  14 naga sharpshooters
  10 shock serpents
  A salamander mystic (Snake:3)
  10 sea snakes
  5 unseen horrors
  A glowing orange brain (D:15)
  6 naga ritualists
  A spectral hydra (Gauntlet)
  A flayed ghost (D:13)
  Pikel (D:8)
  A wolf spider zombie (D:15)
  2 oklob plants (Lair:6)
  11 orc knights
  A necromancer (Gauntlet)
  10 mana vipers
  4 cyclopes
  An orc sorcerer (Orc:2)
  7 salamanders
  A salamander (shapeshifter) (D:15)
  2 deep elf magi
  12 manticores
  7 ugly things
  9 fauns
  A moth of wrath (Orc:1)
  9 merfolk sirens
  A guardian serpent (shapeshifter) (D:15)
  An ice statue (IceCv)
  24 naga magi
  31 black mambas
  4 water nymphs
  Joseph (Lair:1)
  A guardian serpent (Snake:4)
  2 torpor snails
  6 spiny frogs
  4 gargoyles
  A rime drake (Lair:5)
  4 komodo dragons
  3 freezing wraiths
  An efreet (D:12)
  2 anaconda simulacra (IceCv)
  5 ice devils
  2 golden dragon simulacra (IceCv)
  6 polar bears (Lair:6)
  5 wind drakes
  4 meliai
  19 merfolk
  Prince Ribbit (D:8)
  A wind drake (shapeshifter) (D:15)
  10 blink frogs
  6 hornets
  13 trolls
  5 slime creatures
  A harpy skeleton (D:14)
  A meliai zombie (D:14)
  A dream sheep (Lair:6)
  14 snapping turtles
  2 shadows
  14 spriggans (Lair:6)
  9 hippogriffs
  5 dire elephant simulacra (IceCv)
  6 wraiths
  4 fire elementals (Snake:2)
  51 yaks
  A vampire (D:12)
  14 water elementals
  3 wyverns
  A hungry ghost (D:8)
  3 basilisks
  A steam dragon (D:10)
  A death yak simulacrum (IceCv)
  7 vampire mosquitoes
  11 wargs
  34 nagas
  2 acid dragons (D:11)
  2 iron troll simulacra (IceCv)
  2 soldier ants
  2 harpy simulacra (IceCv)
  2 hydra simulacra (IceCv)
  12 water moccasins
  4 porcupines
  2 hell hounds (Snake:2)
  4 ice beasts
  A floating eye (shapeshifter) (D:15)
  44 orc warriors
  6 black bears
  A necrophage (D:5)
  6 sky beasts
  4 eyes of draining
  4 boggarts (Lair:6)
  34 wolves
  An alligator simulacrum (IceCv)
  2 phantoms
  14 ogres
  9 centaurs
  13 crocodiles
  A big kobold (D:10)
  12 bullfrogs
  A water moccasin zombie (D:5)
  A gnoll sergeant (D:12)
  A wyvern skeleton (D:13)
  2 elephant simulacra (IceCv)
  2 scorpions
  6 killer bees (D:11)
  7 electric eels
  5 wights (D:12)
  4 howler monkeys
  6 crimson imps
  A draconian simulacrum (IceCv)
  5 centaur zombies
  A bullfrog zombie (D:13)
  6 hounds
  5 jellies
  27 orc wizards
  16 orc priests
  An iguana (D:10)
  5 centaur skeletons
  Ijyb (D:4)
  11 worker ants
  3 hell rats (Lair:2)
  2 polar bear simulacra (IceCv)
  4 troll simulacra (IceCv)
  3 killer bee zombies
  2 spriggan simulacra (IceCv)
  2 centaur simulacra (IceCv)
  2 hound zombies (D:6)
  3 hound skeletons (D:6)
  A howler monkey skeleton (D:11)
  A howler monkey zombie (D:6)
  2 worker ant zombies
  Robin (D:3)
  16 gnolls
  4 naga simulacra (IceCv)
  30 adders
  An ogre simulacrum (IceCv)
  7 river rats (Lair:2)
  A shadow imp (D:5)
  3 white imps (IceCv)
  An ooze (D:2)
  4 ufetubi (IceCv)
  An adder zombie (D:6)
  6 worms
  3 dart slugs
  7 leopard geckos
  92 orcs
  4 giant cockroaches
  11 hobgoblins
  4 jackals (D:6)
  7 quokkas
  3 ball pythons
  4 bats
  4 frilled lizards
  13 goblins
  14 kobolds
  2 leopard gecko skeletons
  A leopard gecko zombie (D:6)
  2 quokka zombies
  9 rats
  A butterfly (Lair:4)
  A plant (Shoals:3)
1143 creatures vanquished.

Vanquished Creatures (others)
  A satyr (Shoals:4)
  2 naga sharpshooters (Snake:4)
  3 fauns
  A cyclops (D:13)
  A manticore (Shoals:3)
  A kobold demonologist (D:11)
  A yaktaur (Shoals:4)
  A water elemental (D:13)
  2 orc warriors (Orc:2)
  A slave (D:8)
  3 centaurs (Orc:2)
  A scorpion (D:8)
  3 white imps (IceCv)
  6 ufetubi (IceCv)
  4 orcs (Orc:2)
  A ball python (D:8)
  11 fungi
  7 plants
  3 tentacles (Shoals:4)
53 creatures vanquished.

Grand Total: 1196 creatures vanquished

Notes
Turn   | Place    | Note
-------+----------+-------------------------------------------
     0 | D:1      | sking99 the Troll Monk began the quest for the Orb.
     0 | D:1      | Reached XP level 1. HP: 22/22 MP: 0/0
   124 | D:1      | Reached XP level 2. HP: 29/29 MP: 1/1
  1078 | D:2      | Reached XP level 3. HP: 35/36 MP: 2/2
  1209 | D:2      | Found a glowing golden altar of the Shining One.
  1400 | D:2      | Reached skill level 4 in Unarmed Combat
  1488 | D:2      | Reached XP level 4. HP: 39/45 MP: 3/3
  1752 | D:3      | Noticed a phantom
  1766 | D:3      | Killed a phantom
  1766 | D:3      | Reached skill level 5 in Unarmed Combat
  1766 | D:3      | Reached XP level 5. HP: 45/53 MP: 4/4
  1861 | D:3      | Noticed Robin
  1884 | D:3      | Killed Robin
  2831 | D:4      | Noticed Ijyb
  2845 | D:4      | Reached XP level 6. HP: 36/62 MP: 5/5
  2860 | D:4      | Killed Ijyb
  2867 | D:4      | Reached skill level 6 in Unarmed Combat
  3058 | D:4      | Found a shimmering altar of Xom.
  3058 | D:4      | Found a shimmering altar of Xom.
  3059 | D:4      | Found a shimmering altar of Xom.
  3059 | D:4      | Found a shimmering altar of Xom.
  3127 | D:4      | Reached XP level 7. HP: 65/71 MP: 6/6
  3414 | D:5      | Entered Level 5 of the Dungeon
  3451 | D:5      | Reached skill level 7 in Unarmed Combat
  3464 | D:5      | Found an ornate altar of the Wu Jian Council.
  3473 | D:5      | Became a worshipper of the Wu Jian Council
  3473 | D:5      | Reached * piety under Wu Jian
  3473 | D:5      | Reached ** piety under Wu Jian
  3977 | D:5      | Reached skill level 8 in Unarmed Combat
  3992 | D:5      | Found an opulent altar of Gozag.
  3993 | D:5      | Found a glowing silver altar of Zin.
  4066 | D:5      | Reached skill level 5 in Fighting
  4084 | D:5      | Reached XP level 8. HP: 80/80 MP: 7/7
  4243 | D:5      | Found a shadowy altar of Dithmenos.
  4305 | D:5      | Reached skill level 9 in Unarmed Combat
  4311 | D:5      | Found a sacrificial altar of Ru.
  4348 | D:6      | Found a burning altar of Makhleb.
  4366 | D:6      | Reached *** piety under Wu Jian
  4709 | D:6      | Reached skill level 10 in Unarmed Combat
  4709 | D:6      | Reached XP level 9. HP: 86/86 MP: 8/8
  4850 | D:6      | Found a runed translucent gate.
  4851 | D:6      | Found a runed translucent gate.
  4852 | D:6      | Found a runed translucent gate.
  4852 | D:6      | Noticed PlayerOfArmor's ghost (novice MiAr)
  5050 | D:7      | Found an ancient bone altar of Kikubaaqudgha.
  5414 | D:7      | Reached skill level 11 in Unarmed Combat
  5465 | D:7      | Found Nacitto's Jewellery Shop.
  5468 | D:7      | Bought an uncursed amulet of the acrobat for 390 gold
                  | pieces
  5477 | D:7      | Reached **** piety under Wu Jian
  5522 | D:7      | Found a burning altar of Makhleb.
  5526 | D:7      | Found a stormy altar of Qazlal.
  5529 | D:7      | Found a sparkling altar of Nemelex Xobeh.
  5947 | D:7      | Found a staircase to the Ecumenical Temple.
  6143 | Temple   | Entered the Ecumenical Temple
  6360 | D:8      | Found a staircase to the Lair.
  6382 | D:8      | Noticed Pikel
  6393 | D:8      | Killed Pikel
  6393 | D:8      | Reached XP level 10. HP: 93/99 MP: 9/9
  6449 | D:8      | Reached skill level 12 in Unarmed Combat
  6573 | D:8      | Noticed Prince Ribbit
  6648 | D:8      | Found an iron altar of Okawaru.
  6693 | D:8      | Found an iron altar of Okawaru.
  6693 | D:8      | Killed Prince Ribbit
  7785 | D:10     | Entered Level 10 of the Dungeon
  7822 | D:10     | Reached skill level 1 in Shields
  7883 | D:10     | Found a staircase to the Orcish Mines.
  7998 | D:10     | Reached ***** piety under Wu Jian
  8320 | Lair:1   | Entered Level 1 of the Lair of Beasts
  8345 | Lair:1   | Noticed a black mamba
  8364 | Lair:1   | Killed a black mamba
  8461 | Lair:1   | Noticed Joseph
  8465 | Lair:1   | Killed Joseph
  8702 | Lair:1   | Noticed a spiny frog
  8705 | Lair:1   | Killed a spiny frog
  9341 | Lair:2   | Noticed a torpor snail
  9350 | Lair:2   | Killed a torpor snail
  9356 | Lair:2   | Reached XP level 11. HP: 92/110 MP: 10/10
  9498 | Lair:2   | Reached skill level 13 in Unarmed Combat
  9506 | Lair:2   | Reached skill level 5 in Shields
  9911 | Lair:2   | Found the +8 whip "Snakebite" {curare, rPois}
 10195 | Lair:3   | Found a staircase to the Shoals.
 10287 | Lair:3   | Found a staircase to the Snake Pit.
 10634 | Lair:3   | Noticed a seven-headed hydra
 10642 | Lair:3   | Killed a 14-headed hydra
 11312 | Lair:4   | Noticed a seven-headed hydra
 11317 | Lair:4   | Killed an 11-headed hydra
 11317 | Lair:4   | Reached XP level 12. HP: 121/121 MP: 11/11
 12026 | Lair:5   | Noticed a seven-headed hydra
 12028 | Lair:5   | Noticed a six-headed hydra
 12034 | Lair:5   | Killed a 13-headed hydra
 12042 | Lair:5   | Killed a 14-headed hydra
 12363 | Lair:5   | Noticed Nessos
 12369 | Lair:5   | Killed Nessos
 12539 | Lair:5   | Reached skill level 14 in Unarmed Combat
 13029 | Lair:6   | Entered Level 6 of the Lair of Beasts
 13051 | Lair:6   | Reached skill level 10 in Fighting
 13076 | Lair:6   | Found a gate leading to a gauntlet.
 13094 | Gauntlet | Entered a Gauntlet
 13094 | Gauntlet | Found a transporter.
 13094 | Gauntlet | Found a transporter.
 13094 | Gauntlet | Noticed a death scarab
 13104 | Gauntlet | Found a transporter.
 13107 | Gauntlet | Found a transporter.
 13115 | Gauntlet | Found a transporter.
 13119 | Gauntlet | Found a transporter.
 13125 | Gauntlet | Found a runed translucent gate.
 13127 | Gauntlet | Found a transporter.
 13128 | Gauntlet | Found a runed translucent gate.
 13129 | Gauntlet | Found a runed translucent gate.
 13136 | Gauntlet | Noticed a blizzard demon
 13143 | Gauntlet | Found a transporter.
 13157 | Gauntlet | Found a transporter.
 13161 | Gauntlet | Found a transporter.
 13170 | Gauntlet | Found a transporter.
 13174 | Gauntlet | Found a transporter.
 13174 | Gauntlet | Noticed a tengu warrior
 13222 | Gauntlet | Killed a death scarab
 13462 | Gauntlet | Killed a blizzard demon
 13497 | Gauntlet | Noticed a minotaur
 13505 | Gauntlet | Killed a minotaur
 13551 | Gauntlet | Identified Vyuwud's Incunabulum of the Forsaken Emperors
 13804 | Lair:6   | Reached XP level 13. HP: 116/132 MP: 12/12
 14000 | Lair:6   | Reached skill level 15 in Unarmed Combat
 14537 | Lair:6   | Found a staircase to the Slime Pits.
 15629 | Orc:1    | Entered Level 1 of the Orcish Mines
 15660 | Orc:1    | Reached skill level 16 in Unarmed Combat
 15786 | Orc:1    | Reached skill level 5 in Dodging
 15786 | Orc:1    | Reached XP level 14. HP: 147/147 MP: 13/13
 15852 | Orc:1    | Noticed an orc warlord
 15866 | Orc:1    | Noticed an orc warlord
 15872 | Orc:1    | Killed an orc warlord
 15882 | Orc:1    | Killed an orc warlord
 15882 | Orc:1    | Reached XP level 15. HP: 102/155 MP: 14/14
 16354 | Orc:2    | Entered Level 2 of the Orcish Mines
 16354 | Orc:2    | Found a staircase to the Elven Halls.
 16354 | Orc:2    | Noticed Sonja
 16355 | Orc:2    | Noticed Josephine
 16746 | Orc:2    | Found Yczikh's Armour Emporium.
 16746 | Orc:2    | Found Cunulu's Antique Weapon Boutique.
 16748 | Orc:2    | Found Jisch's Book Shop.
 16750 | Orc:2    | Found Xamah's Weapon Shoppe.
 16818 | Orc:2    | Noticed Snorg
 16823 | Orc:2    | Killed Sonja
 16826 | Orc:2    | Killed Josephine
 16980 | Orc:1    | Killed Snorg
 17282 | Orc:2    | Reached skill level 17 in Unarmed Combat
 17551 | Orc:1    | Found a roughly hewn altar of Beogh.
 17608 | Orc:1    | Identified the +8 scimitar of Ohigosm {antimagic, Fragile
                  | rC+ Str+2}
 17608 | Orc:1    | Noticed Hazorath's ghost (journeyman TrBe)
 17614 | Orc:1    | Found a transporter.
 17615 | Orc:1    | Found a bloodstained altar of Trog.
 17623 | Orc:1    | Found a transporter.
 18011 | Orc:1    | Killed Hazorath's ghost
 18117 | Orc:2    | Bought +0 ice dragon scales for 720 gold pieces
 18311 | D:11     | Noticed a fire giant
 18317 | D:11     | Killed a fire giant
 18387 | D:11     | Reached skill level 1 in Armour
 18514 | D:11     | Identified Megusib's Guide on Shifting Orientation
 18660 | D:11     | Found a portal to a secret trove of treasure.
 18832 | D:11     | Found Nuczoj's Armour Shoppe.
 18835 | D:11     | Bought the +7 large shield of Activism {rElec} for 642 gold
                  | pieces
 19616 | D:12     | Found Yffar's Antique Armour Boutique.
 19753 | D:12     | Found a runed translucent gate.
 19753 | D:12     | Found a runed translucent gate.
 19753 | D:12     | Found a runed translucent gate.
 19755 | D:12     | Noticed Luekew's ghost (journeyman MiBe)
 19876 | D:12     | Reached ****** piety under Wu Jian
 20182 | D:13     | Found a transporter.
 20185 | D:13     | Found a bloodstained altar of Trog.
 20185 | D:13     | Noticed Wemm's ghost (journeyman SpEn)
 20196 | D:13     | Found a transporter.
 20375 | D:13     | Identified the +3 mace of Niomnoi {antimagic, Str+4 Stlth-}
 20804 | D:13     | Got a twitching amethyst amulet
 20805 | D:13     | Identified the amulet "Qokafean" {Gourm Int+6 Dex+2} (You
                  | found it on level 13 of the Dungeon)
 21077 | D:14     | Reached XP level 16. HP: 142/167 MP: 15/15
 21091 | D:14     | Reached skill level 10 in Shields
 21602 | D:14     | Found a gate to the Vaults.
 21987 | D:15     | Entered Level 15 of the Dungeon
 22043 | D:15     | Found a shattered altar of Ashenzari.
 22222 | D:15     | Noticed Rupert
 22238 | D:15     | Killed Rupert
 22238 | D:15     | Reached skill level 18 in Unarmed Combat
 22728 | D:15     | Found a staircase to the Depths.
 23148 | Snake:1  | Entered Level 1 of the Snake Pit
 24017 | Snake:1  | Identified a scroll of acquirement
 24483 | Snake:2  | Noticed Azrael
 24490 | Snake:2  | Killed Azrael
 24848 | Snake:3  | Found a runed translucent door.
 24848 | Snake:3  | Noticed Gygal Fez's ghost (adept MiFi)
 24880 | Snake:3  | Reached XP level 17. HP: 176/177 MP: 12/16
 25186 | Snake:3  | Noticed Agnes
 25200 | Snake:3  | Killed Agnes
 25328 | Snake:4  | Entered Level 4 of the Snake Pit
 26734 | Snake:4  | Reached skill level 19 in Unarmed Combat
 27031 | Snake:4  | Got a serpentine rune of Zot
 27246 | Shoals:1 | Entered Level 1 of the Shoals
 27275 | Shoals:1 | Found a frozen archway.
 27285 | IceCv    | Entered an ice cave
 27757 | IceCv    | Noticed an Ice Fiend
 27778 | IceCv    | Killed an Ice Fiend
 28004 | Shoals:1 | Reached XP level 18. HP: 189/189 MP: 17/17
 28101 | Shoals:1 | Found a shimmering altar of Xom.
 28543 | Shoals:1 | Found a snail-covered altar of Cheibriados.
 28633 | Shoals:1 | Reached skill level 15 in Fighting
 29223 | Shoals:2 | You fall into a shaft and drop 1 floor!
 29656 | Shoals:2 | Found Bingy's Distillery.
 30505 | Shoals:4 | Entered Level 4 of the Shoals
 30505 | Shoals:4 | Noticed Louise
 30516 | Shoals:4 | Killed Louise
 31311 | Shoals:4 | Reached skill level 15 in Shields
 31513 | Shoals:4 | HP: 8/193 [merfolk javelineer/silver javelin (6)]
 31545 | Shoals:4 | HP: 7/193 [merfolk javelineer/silver javelin (22)]
 31547 | Shoals:4 | Hit by a silver javelin thrown by a merfolk javelineer

Levels and vault maps discovered:
D:1:      evilmike_arrival_home_sweet_home, layout_basic, serial_rivers,
          chequers_serial_rivers_marsh, chequers_serial_rivers_micro_c,
          chequers_serial_rivers_micro_b, chequers_serial_rivers_small_a,
          chequers_serial_rivers_marsh, chequers_serial_rivers_room_a
D:2:      layout_loops_ring, nicolae_tso_swordbearing_angel
D:3:      layout_basic, uniq_robin
D:4:      layout_basic, xom_redecorated, first_ration, uniq_ijyb
D:5:      layout_basic, grunt_temple_overflow_gold_and_silver,
          grunt_dithmenos_smoke_and_mirrors, kennysheep_mini,
          nicolae_overflow_crystal_walls, minmay_misc_feat_hallway,
          minivault_23, lemuel_another_geyser
D:6:      layout_rooms, gammafunk_ghost_necromancy, serial_undead,
          serial_undead_c, serial_undead_f, serial_undead_b, serial_undead_d,
          basic_altar
D:7:      layout_loops_corners, kiku_gazebo_pond_becter,
          grunt_temple_overflow_diamond, minmay_temple_entry_junction,
          serial_shops, shop, feat_on_display
D:8:      layout_loops_ring, okawaru_ov_weapons_minmay,
          erik_lair_orcish_takeover, basic_altar, uniq_pikel,
          uniq_prince_ribbit1
D:9:      layout_basic
D:10:     layout_cave_pools, orc_0_dummy
D:11:     minmay_chopped_fan, layout_gridville, enter_trove_0, serial_shops,
          nicolae_shop_behind_doors, minmay_statues_item
D:12:     layout_loops_ring, serial_shops,
          nicolae_shop_temple_entry_statues_fountains,
          ebering_ghost_rock_garden, hangedman_pestilent_swarm,
          kennysheep_generic_room_13
D:13:     kennysheep_four_of_diamonds, layout_irregular_city,
          gammafunk_ghost_wrathful_warriors
D:14:     minmay_isolated_rectangles_in_corner, layout_loops_ring,
          erik_vaults_1, ebering_dispersal_statue_hall, st_stairs_3
D:15:     gammafunk_enter_depths_forms, layout_long_grid, ashenzari_altar_1,
          uniq_rupert
Temple:   dpeg_chambers_temple
Lair:1:   minmay_lair_venomous_thicket, layout_cave_pods,
          chequers_serial_rivers_micro_d, uniq_joseph
Lair:2:   minmay_guarded_unrand_snakebite, layout_loops_ring,
          kennysheep_abandoned_house
Lair:3:   layout_hall_layers, elwin_shoals_entry_rocks,
          guppyfry_snake_entry_island, guppyfry_lair_drakes
Lair:4:   layout_regular_city, lemuel_fruit_fields, lemuel_fruit_fields
Lair:5:   layout_roguey, uniq_nessos
Lair:6:   minmay_lair_end_enchanted_forest, layout_gridlike,
          minmay_slime_entry_oklob_open, gauntlet_entry_generic,
          gammafunk_lair_bear_cave, infiniplex_staircase_pool
Shoals:1: layout_shoals, portal_ice_cave_entry_dragon, hangedman_feature_mirror
Shoals:2: argonaut_golden_fleece, layout_shoals, serial_shops,
          nicolae_shop_stone
Shoals:3: layout_shoals
Shoals:4: shoals_end_grunt_ice, layout_shoals, yaktaur_hedge, uniq_louise
Snake:1:  layout_basic, nicolae_large_snake_swirl
Snake:2:  layout_rooms, serial_bayou_shore_b, lemuel_fruit_tree, uniq_azrael
Snake:3:  layout_onion_interference, gammafunk_ghost_grave, uniq_agnes
Snake:4:  snake_pit, layout_cave_town, serial_bayou_pond_d, st_stairs_9
Orc:1:    layout_caves, basic_altar, gammafunk_ghost_wrathful_warriors,
          minmay_orc_treasury
Orc:2:    st_orc_rangers, layout_caves, uniq_sonja, uniq_snorg, uniq_josephine

Skill      XL: |  1  2  3  4  5  6  7  8  9 10 11 12 13 14 15 16 17 18 |
---------------+-------------------------------------------------------+-----
Unarmed Combat | 4 5 6 8 10 11 12 13 14 16 17 18 19 | 19.8
Fighting       | 3 4 5 6 7 8 9 10 12 13 14 15 | 15.5
Shields        | 4 7 9 12 13 15 | 15.0
Dodging        | 5 6 |  6.6
Armour         | 1 |  1.8
Stealth        | |  1.1

Action                   |  1- 3 |  4- 6 |  7- 9 | 10-12 | 13-15 | 16-18 || total
-------------------------+-------+-------+-------+-------+-------+-------++-------
Melee: Unarmed           |   114 |   127 |   356 |   610 |  1073 |  1447 ||  3727
       Punch             |       |     3 |    18 |     4 |       |       ||    25
Invok: Lunge             |       |       |    56 |    69 |    71 |   111 ||   307
       Whirlwind         |       |       |    50 |   111 |   213 |   104 ||   478
       Serpent's Lash    |       |       |       |     4 |     7 |     3 ||    14
       Heavenly Storm    |       |       |       |     2 |     1 |     2 ||     5
 Abil: Wall Jump         |       |       |     4 |     1 |     4 |     1 ||    10
Evoke: Wand              |       |       |       |       |     4 |       ||     4
  Use: Scroll            |       |    13 |     1 |    15 |     3 |    11 ||    43
       Potion            |       |       |       |     3 |     2 |     3 ||     8
 Stab: Sleeping          |     4 |     1 |     1 |     4 |       |       ||    10
       Distracted        |     1 |       |     2 |     3 |     1 |       ||     7
       Invisible         |       |       |       |       |     2 |       ||     2
       Petrified         |       |       |       |       |     2 |       ||     2
       Petrifying        |       |       |       |       |     1 |       ||     1
       Paralysed         |       |       |       |       |     1 |       ||     1
  Eat: Chunk             |    19 |    15 |    30 |    68 |    68 |    77 ||   277
       Ration            |       |       |       |       |       |     6 ||     6
Armor: Robe              |    43 |    30 |    78 |    98 |    48 |       ||   297
       Troll leather arm |       |       |       |       |    42 |       ||    42
       Ice dragon scales |       |       |       |       |    86 |   192 ||   278
Dodge: Dodged            |    64 |    48 |    98 |   126 |   164 |   120 ||   620
Block: Other             |       |     9 |    32 |     6 |       |       ||    47
       Reflection        |       |     2 |     2 |     8 |    68 |   203 ||   283
       Shield            |       |       |       |   315 |   476 |       ||   791
       Large shield      |       |       |       |       |   164 |  1307 ||  1471
